 Dungeon Crawl Stone Soup version 0.22-b1-26-g9dbaab1 (webtiles) character file.

140 troglodite the Skirmisher (level 5, 0/42 HPs)
             Began as a Demonspawn Berserker on Aug 6, 2018.
             Was a Believer of Trog.
             Slain by a gnoll
             ... wielding a +0 spear of piercing
              (1 damage)
             ... on level 4 of the Dungeon.
             The game lasted 00:04:44 (2244 turns).

troglodite the Skirmisher (Demonspawn Berserker)    Turns: 2244, Time: 00:04:46

Health: 0/42       AC:  9    Str: 18    XL:     5   Next: 2%
Magic:  0/5        EV: 11    Int:  8    God:    Trog [**....]
Gold:   132        SH:  0    Dex: 13    Spells: 4/4 levels left

rFire    . . .     SeeInvis .   a - +0 falchion
rCold    . . .     Gourm    .   (no shield)
rNeg     . . .     Faith    .   m - +0 ring mail
rPois    .         Spirit   +   (no helmet)
rElec    .         Reflect  .   (no cloak)
rCorr    .         Harm     .   i - +1 pair of gloves
MR       .....                  (no boots)
Stlth    +.........             d - amulet of inaccuracy (curse)
HPRegen  0.14/turn              (no ring)
MPRegen  0.09/turn              (no ring)

@: lethally poisoned (0 -> -17), berserk cooldown, slowed, very slow
A: slimy green scales 1, spiny 1, magic shield
a: Berserk, Trog's Hand, Renounce Religion


You were on level 4 of the Dungeon.
You worshipped Trog.
Trog was pleased with you.
You were very hungry.

You visited 1 branch of the dungeon, and saw 4 of its levels.

You collected 132 gold pieces.

Inventory:

Hand Weapons
 a - a +0 falchion (weapon)
Armour
 i - a +1 pair of gloves (worn)
 m - a +0 ring mail (worn)
Jewellery
 d - a cursed amulet of inaccuracy (around neck)
Scrolls
 e - a scroll of amnesia {unknown}
 h - a scroll of enchant armour {unknown}
 j - 2 scrolls of remove curse {unknown}
 l - 7 scrolls of identify {unknown}
Potions
 b - a potion of curing {unknown}
 f - a potion of haste {unknown}
 g - a potion of degeneration {unknown}
 k - 2 potions of mutation {unknown}
 n - a potion of flight {unknown}
Comestibles
 c - 6 rations


   Skills:
 * Level 4.0 Fighting
 + Level 3.6 Long Blades
 * Level 2.5 Armour
 * Level 2.3 Dodging
 + Level 0.6 Stealth


You had 4 spell levels left.
You didn't know any spells.
Your spell library was empty.

Dungeon Overview and Level Annotations

Branches:
Dungeon (4/15)
 Temple: D:4-7

Altars:
Ashenzari
Cheibriados
Gozag
Hepliaklqana
Vehumet
Yredelemnul
The Shining One


Innate Abilities, Weirdness & Mutations

You are partially covered in slimy green scales. (AC +2)
You are partially covered in sharp spines.
When hurt, damage is shared between your health and your magic reserves.


Message History

You closely miss the gnoll.
You are no longer berserk.
You are exhausted.
You feel yourself slow down.
You feel sick. The gnoll hits you but does no damage.
You hit the gnoll.
The gnoll is moderately wounded.
You feel very sick.
The gnoll hits you with a spear of piercing!
* * * LOW HITPOINT WARNING * * *
x2 The gnoll hits you with a spear of piercing.
* * * LOW HITPOINT WARNING * * *
x2 You slash the gnoll!
The gnoll is severely wounded.
* * * LOW HITPOINT WARNING * * *
You feel very sick. The gnoll is struck by your spines.
The gnoll closely misses you.
The gnoll hits you with a spear of piercing.
* * * LOW HITPOINT WARNING * * *
You die...

#####. #####..!# #...#.
........# #.#.#.
........###########.....
.?....%.##..>...........
........####............
........##.#....###.###.
.......†##..........#...
......g@.......#......##
##.####))..##....###(...
#<#####..[......## ###
#.######.## #.. .# ##


You could see a gnoll.

Vanquished Creatures
  6 gnolls
  2 adders
  An ooze (D:2)
  A dart slug (D:2)
  4 leopard geckos
  An orc (D:3)
  4 bats
  4 giant cockroaches
  2 goblins
  7 hobgoblins
  6 jackals
  3 kobolds (D:1)
  A ball python (D:3)
  6 frilled lizards
  11 rats
59 creatures vanquished.

Notes
Turn   | Place    | Note
-------+----------+-------------------------------------------
     0 | D:1      | troglodite the Demonspawn Berserker began the quest for the Orb.
     0 | D:1      | Reached XP level 1. HP: 18/18 MP: 1/1
    88 | D:1      | Gained mutation: You are partially covered in sharp spines. [demonic ancestry]
    88 | D:1      | Reached XP level 2. HP: 18/24 MP: 2/2
   322 | D:1      | Reached ** piety under Trog
   765 | D:2      | Reached XP level 3. HP: 23/29 MP: 3/3
   922 | D:2      | Found a shattered altar of Ashenzari.
  1546 | D:3      | Found a glowing golden altar of the Shining One.
  1626 | D:3      | Found a snail-covered altar of Cheibriados.
  1628 | D:3      | Found a hazy altar of Hepliaklqana.
  1628 | D:3      | Found a basalt altar of Yredelemnul.
  1629 | D:3      | Found an opulent altar of Gozag.
  1629 | D:3      | Found a radiant altar of Vehumet.
  1748 | D:3      | Gained mutation: When hurt, damage is shared between your health and your magic reserves. [demonic ancestry]
  1748 | D:3      | Reached XP level 4. HP: 37/37 MP: 4/4
  2239 | D:4      | Reached skill level 4 in Fighting
  2240 | D:4      | Gained mutation: You are partially covered in slimy green scales. (AC +2) [demonic ancestry]
  2240 | D:4      | Reached XP level 5. HP: 40/42 MP: 3/5
  2244 | D:4      | HP: 1/42 [gnoll/spear of piercing (2)]
  2244 | D:4      | Slain by a gnoll

Skill      XL: |  1  2  3  4 |
---------------+-------------+-----
Long Blades    | 3 |  3.6
Dodging        | 2 |  2.3
Armour         | 2 |  2.5
Fighting       | 4 |  4.0
Stealth        | |  0.6

Action                   |  1- 3 |  4- 6 || total
-------------------------+-------+-------++-------
Melee: Falchion          |   109 |    39 ||   148
Invok: Berserk           |     1 |     2 ||     3
 Stab: Sleeping          |     1 |       ||     1
  Eat: Chunk             |     4 |     2 ||     6
Armor: Animal skin       |     6 |       ||     6
       Ring mail         |    23 |    18 ||    41
Dodge: Dodged            |    75 |    29 ||   104
       Rpst.: Falchion   |    27 |     7 ||    34
